 Dungeon Crawl Stone Soup version 0.19-a0-965-g50bf062 (webtiles) character file.

6477 TheGoonsmith the Destroyer (level 11, 0/54 HPs)
             Began as a Gargoyle Fire Elementalist on July 12, 2016.
             Was an Elder of Vehumet.
             Killed by divine providence
             ... invoked by an orc priest
              (13 damage)
             ... on level 8 of the Dungeon.
             The game lasted 00:17:54 (10172 turns).

TheGoonsmith the Destroyer (GrFE)                  Turns: 10172, Time: 00:17:55

Health: 0/54       AC: 14    Str: 11    XL:     11   Next: 0%
Magic:  3/23       EV: 12    Int: 20    God:    Vehumet [****..]
Gold:   530        SH:  0    Dex: 10    Spells: 4 memorised, 14 levels left

rFire  + . .     SeeInvis +     v - +0 morningstar
rCold  . . .     Gourm    .     E - +1 robe {rC+}
rNeg   + . .     Faith    .     (no shield)
rPois  ∞         Spirit   .     y - +1 helmet
rElec  +         Dismiss  .     R - +0 cloak
rCorr  .         Reflect  .     e - +0 pair of gloves
SustAt .         Harm     +     (no boots)
MR     .....                    i - amulet of harm
Stlth  ++........               N - ring of see invisible
                                p - ring of fire

@: not resistant to hostile enchantments, unstealthy
A: negative energy resistance 1, electricity resistance, unbreathing,
petrification resistance, rot immunity, AC +7
a: Renounce Religion


You were on level 8 of the Dungeon.
You worshipped Vehumet.
Vehumet was greatly pleased with you.
You were not hungry.

You visited 1 branch of the dungeon, and saw 8 of its levels.

You collected 530 gold pieces.

Inventory:

Hand Weapons
 f - a +0 hand axe
 u - a +1 flail
 v - a +0 morningstar (weapon)
Armour
 a - a +0 robe
 e - a +0 pair of gloves (worn)
 w - a +0 buckler
 y - a +1 helmet (worn)
 E - a +1 robe of cold resistance (worn)
 R - a +0 cloak (worn)
Magical Staves
 M - an uncursed staff of energy
Jewellery
 h - an uncursed amulet of the gourmand
 i - an amulet of harm (around neck)
 p - a ring of fire (left hand)
 N - a ring of see invisible (right hand)
Wands
 o - a wand of polymorph (10/24)
 s - a wand of random effects (30/48)
 J - a wand of disintegration (11/24)
 S - a wand of paralysis (13/24)
Scrolls
 d - 2 scrolls of fear
 g - 6 scrolls of teleportation
 q - a scroll of random uselessness
 r - a scroll of identify
 t - a scroll of magic mapping
 C - 3 scrolls of remove curse
Potions
 k - a potion of curing
 n - a potion of degeneration
 x - 2 potions of might
 z - a potion of invisibility
 A - a potion of cure mutation
 F - 2 potions of brilliance
 H - 2 potions of lignification
 I - a potion of berserk rage
 L - a potion of flight {unknown}
 Q - a potion of mutation {unknown}
Books
 b - a book of Flames

   Spells                             Type                      Level
   a - Flame Tongue                   Conjuration/Fire             1
   b - Throw Flame                    Conjuration/Fire             2
   c - Conjure Flame                  Conjuration/Fire             3
   d - Inner Flame                    Hexes/Fire                   3
   e - Sticky Flame                   Conjuration/Fire             4
   f - Fireball                       Conjuration/Fire             5
Comestibles
 c - 9 bread rations
 j - 8 fruits
 l - 6 meat rations
 m - 9 slices of pizza
 B - 3 beef jerkies
 D - 3 chunks of flesh


   Skills:
 - Level 1.5 Dodging
 - Level 2.1 Stealth
 + Level 8.9 Spellcasting
 + Level 10.6 Conjurations
 + Level 9.7 Fire Magic


You had 14 spell levels left.
You knew the following spells:

 Your Spells              Type           Power        Failure   Level  Hunger
a - Flame Tongue          Conj/Fire      #####        1%          1    None
c - Conjure Flame         Conj/Fire      ######..     1%          3    None
f - Fireball              Conj/Fire      ######....   1%          5    #####..
s - Sticky Flame          Conj/Fire      ######..     1%          4    ###....


Dungeon Overview and Level Annotations

Branches:
Dungeon (8/15)             Temple (0/1) D:4
   Lair: D:8-11

Altars:
Cheibriados
Gozag
Makhleb
Pakellas
Qazlal
Trog
Vehumet
Xom


Innate Abilities, Weirdness & Mutations

You are resistant to torment.
Your stone body is resilient. (AC +7)
You are immune to poison.
You resist negative energy. (rN+)
You are resistant to electric shocks. (rElec)
You can survive without breathing.
You are immune to petrification.
You are immune to rotting.


Message History

You don't have enough magic to cast that spell.
You closely miss the orc warrior.
The orc warrior is severely wounded.
The orc warrior hits you with a rapier!
* * * LOW HITPOINT WARNING * * *
The orc priest hits you but does no damage.
The orc closely misses you. The orc warrior closely misses you.
The orc priest misses you.
Things that are here:
a short sword; a leather armour; an orc corpse
Casting: Flame Tongue
Confirm with . or Enter, or press ? or * to list all spells.
Aiming: Flame Tongue
Press: ? - help, Shift-Dir - straight line, f/p - orc warrior
Aim: an orc warrior, wielding a rapier and wearing a glowing plate armour (severely wounded)
You feel a surge of power!
The flame tongue hits the orc warrior.
The orc warrior is almost dead.
The orc priest mumbles some strange prayers to Beogh against you.
Beogh smites you!
You die...

#.###.#.#)#*,,,,.#,*
#########......?.##****##..*
#.......#.####....#,**##.o.#
#.......#.# #.?..[......†aa
#.......#.####...#####*#....
#................# #....
#.......#.#############*****
#...)...#.%o.o....#...######
##.######..@o.........'aaa.o
#.### #.........#(.a######
#...## #............a.<#*,,
#.#..###.........#...###*,,
#.#........(.....#...# *,.
#.#.###+###......##### *,[
#.#.# #.# #......# *..
#.#.###.###.[##### *,,
#...###_..'§§# ***,*


You could see an orc warrior, an orc priest and an orc.

Vanquished Creatures
  Pikel (D:6)
  Maurice (D:8)
  Psyche (D:8)
  The ghost of Ultraviolent4 the Chopper, an amateur VSMo of Cheibriados (D:6)
  A yak (D:7)
  A human (D:7)
  Grum (D:8)
  14 soldier ants
  A sky beast (D:6)
  A black bear (D:7)
  4 ogres
  2 phantoms
  An ice beast (D:8)
  4 wolves
  3 centaurs
  A big kobold (D:7)
  Blork the orc (D:6)
  A giant frog (D:7)
  4 scorpions
  5 killer bees (D:7)
  6 crimson imps
  A howler monkey (D:6)
  3 jellies
  3 hounds
  2 orc priests
  8 orc wizards
  13 worker ants
  3 sheep (D:7)
  3 gnolls (D:5)
  11 adders
  A shadow imp (D:5)
  8 worms
  6 dart slugs
  A giant gecko (D:6)
  33 orcs
  2 ball pythons
  4 bats
  13 giant cockroaches
  4 goblins
  9 hobgoblins
  10 jackals
  6 quokkas
  A giant gecko skeleton (D:6)
  8 giant newts
  9 kobolds
  A quokka zombie (D:4)
  18 rats
236 creatures vanquished.

Vanquished Creatures (others)
  3 slaves (D:6)
  A scorpion (D:6)
  A hound (D:6)
  A killer bee zombie (D:6)
  4 jackals (D:6)
  3 plants (D:8)
13 creatures vanquished.

Grand Total: 249 creatures vanquished

Notes
Turn   | Place    | Note
-------+----------+-------------------------------------------
     0 | D:1      | TheGoonsmith the Gargoyle Fire Elementalist began the quest for the Orb.
     0 | D:1      | Reached XP level 1. HP: 10/10 MP: 3/3
   220 | D:1      | Reached XP level 2. HP: 9/15 MP: 0/5
   902 | D:1      | Reached XP level 3. HP: 19/19 MP: 5/7
   987 | D:1      | Reached skill level 2 in Conjurations
  1553 | D:2      | Reached XP level 4. HP: 24/24 MP: 2/8
  1905 | D:2      | Found an opulent altar of Gozag.
  2023 | D:2      | Reached skill level 3 in Conjurations
  2651 | D:3      | Reached XP level 5. HP: 28/28 MP: 5/9
  3162 | D:3      | Found a shimmering altar of Xom.
  3173 | D:3      | Found a radiant altar of Vehumet.
  3195 | D:3      | Became a worshipper of Vehumet
  3385 | D:4      | Reached skill level 4 in Conjurations
  3770 | D:4      | Reached XP level 6. HP: 27/32 MP: 3/11
  3854 | D:4      | Found an oddly glowing altar of Pakellas.
  4055 | D:4      | Found a staircase to the Ecumenical Temple.
  4428 | D:4      | Found a snail-covered altar of Cheibriados.
  4465 | D:4      | Reached * piety under Vehumet
  4465 | D:4      | Offered knowledge of Sting by Vehumet.
  4465 | D:4      | Reached skill level 5 in Conjurations
  4580 | D:4      | Reached XP level 7. HP: 32/36 MP: 3/12
  4648 | D:4      | Learned a level 4 spell: Sticky Flame
  4652 | D:4      | Learned a level 3 spell: Conjure Flame
  4658 | D:4      | Learned a level 5 spell: Fireball
  4661 | D:5      | Entered Level 5 of the Dungeon
  4843 | D:5      | Reached skill level 5 in Fire Magic
  5313 | D:5      | Reached skill level 6 in Conjurations
  5544 | D:5      | Reached XP level 8. HP: 22/41 MP: 7/15
  5546 | D:5      | Reached skill level 5 in Spellcasting
  6334 | D:6      | Got a crude tin ring
  6346 | D:6      | Noticed Ultraviolent4's ghost (amateur VSMo)
  6362 | D:6      | Reached skill level 7 in Conjurations
  6397 | D:6      | HP: 1/41 [Ultraviolent4's ghost (12)]
  6401 | D:6      | Killed Ultraviolent4's ghost
  6691 | D:6      | Reached XP level 9. HP: 27/45 MP: 1/18
  6714 | D:6      | Offered knowledge of Sandblast by Vehumet.
  6855 | D:6      | Reached ** piety under Vehumet
  7002 | D:6      | Noticed Pikel
  7011 | D:6      | Killed Pikel
  7011 | D:6      | Reached skill level 8 in Conjurations
  7139 | D:6      | Found a bloodstained altar of Trog.
  7257 | D:6      | Noticed Blork the orc
  7263 | D:6      | Killed Blork the orc
  8019 | D:7      | Noticed a moth of wrath
  8021 | D:7      | Found a bloodstained altar of Trog.
  8245 | D:7      | Found a burning altar of Makhleb.
  8318 | D:7      | Offered knowledge of Searing Ray by Vehumet.
  8329 | D:7      | Reached skill level 9 in Conjurations
  8526 | D:7      | Reached XP level 10. HP: 50/50 MP: 15/21
  8728 | D:7      | Reached *** piety under Vehumet
  8743 | D:8      | Noticed Maurice
  8837 | D:8      | Killed Maurice
  8921 | D:8      | Identified the ring "Womeiref" {*Tele Str+7 Int-5} (You found it on level 6 of the Dungeon)
  9365 | D:8      | Noticed Psyche
  9373 | D:8      | Offered knowledge of Ignite Poison by Vehumet.
  9378 | D:8      | Killed Psyche
  9378 | D:8      | Reached skill level 10 in Conjurations
  9387 | D:8      | Noticed Grum
  9703 | D:8      | Killed Grum
  9971 | D:8      | Found a stormy altar of Qazlal.
 10083 | D:8      | Reached **** piety under Vehumet
 10162 | D:8      | Reached XP level 11. HP: 53/54 MP: 7/23
 10172 | D:8      | Killed from afar by an orc priest

Vault maps used:
D:1:      dpeg_arrival_ratfight
D:2:      lemuel_round_altar, hangedman_decor_growths,
          kennysheep_generic_room_10
D:3:      amethyst_overflow_temple_binary, grunt_ministairs_1
D:4:      nicolae_overflow_crystal_walls, kennysheep_little_box, first_bread
D:6:      basic_altar, hangedman_abyss_or_decor_stagger, uniq_blork_the_orc,
          uniq_pikel
D:7:      tgw_trog, nicolae_ossuary_entry_ruins, grunt_livestock,
          makhleb_heckhound_becter
D:8:      fedhas_altar_decomposition, led_sif_book, lemuel_doored_altar,
          st_stairs_14, minivault_29, uniq_maurice, uniq_grum, uniq_psyche

Skill      XL: |  1  2  3  4  5  6  7  8  9 10 |
---------------+-------------------------------+-----
Conjurations   | 2 3 4 5 6 7 9 10 | 10.6
Spellcasting   | 3 4 6 7 8 |  8.9
Fire Magic     | 4 5 6 8 9 |  9.7
Dodging        | |  1.5
Stealth        | |  2.1

Action                   |  1- 3 |  4- 6 |  7- 9 | 10-12 || total
-------------------------+-------+-------+-------+-------++-------
Melee: Unarmed           |    29 |       |       |       ||    29
       Hand axe          |    22 |       |       |       ||    22
       Flail             |       |    28 |   289 |     3 ||   320
       Staff             |       |       |    13 |       ||    13
       Morningstar       |       |       |       |     6 ||     6
 Cast: Flame Tongue      |    69 |   157 |   213 |   123 ||   562
       Sticky Flame      |       |       |    18 |    17 ||    35
       Fireball          |       |       |       |     6 ||     6
  Use: Potion            |       |     3 |     1 |       ||     4
       Scroll            |       |       |       |    17 ||    17
  Eat: Chunk             |     3 |     7 |    15 |     3 ||    28
       Royal jelly       |       |     1 |       |       ||     1
       Meat ration       |       |       |       |     1 ||     1
Armor: Robe              |    22 |    38 |   185 |    36 ||   281
Dodge: Dodged            |    52 |    41 |   267 |    43 ||   403
